[Event "Team 45 45 League T77"]
[Site "Internet Chess Club"]
[Date "2018.07.08"]
[Round "3"]
[White "QuieroAprender"]
[Black "learnedberry1"]
[Result "0-1"]
[WhiteElo "1610"]
[BlackElo "1511"]
[Opening "Giuoco Piano"]
[ECO "C50"]
[Time "20:45:04"]
[TimeControl "2700+45"]

1. e4 e5 2. Nf3 Nc6 3. Bc4 Bc5 4. O-O Nf6 5. Nc3 d6 6. Na4 Bb6 7. Nxb6 axb6 8.
d3 Bg4 9. h3 Bh5 10. c3 Na5 11. b3 Nxc4 12. bxc4 O-O 13. Bg5 h6 14. Bh4 g5 15.
Bg3 Kh7 16. Re1 Rg8 17. d4 exd4 18. cxd4 g4 19. hxg4 Bxg4 20. Qd3 Nh5 21. Bh4
Qf8 22. e5+ Kh8 23. Nh2 Qg7 24. Nxg4 Qxg4 25. g3 Qxh4 26. Re4 Qe7 27. exd6 Qxd6
28. Re5 Nf6 29. Rae1 Rae8 30. Qf3 Qc6 31. d5 Qd6 32. Qf4 Rxe5 33. Rxe5 Nh7 34.
Qd4 Qf6 35. Qe3 Ng5 36. f4 Nh7 37. Kh2 Qg6 38. Qc3 f6 39. Re7 Re8 40. Rxc7 Qh5+
41. Kg2 Re2+ 42. Kf1 Re8 43. Qd3 Qh1+ 44. Kf2 Qe1+ 45. Kf3 Nf8 46. f5 Qh1+ 47.
Kf4 Re1 48. d6 Rf1+ 49. Ke3 Rf3+ {White resigns} 0-1

[Event "Team 45 45 League T77"]
[Site "Internet Chess Club"]
[Date "2018.07.05"]
[Round "3"]
[White "Packerfan"]
[Black "upsan"]
[Result "1/2-1/2"]
[WhiteElo "1655"]
[BlackElo "1711"]
[Opening "French: Winawer, advance, Bogolyubov variation"]
[ECO "C17"]
[Time "14:01:05"]
[TimeControl "2700+45"]

1. e4 e6 2. d4 d5 3. Nc3 Bb4 4. e5 c5 5. Bd2 Nc6 6. f4 Nxd4 7. Nb5 Bxd2+ 8. Qxd2
Nxb5 9. Bxb5+ Bd7 10. Be2 Ne7 11. Nf3 Qb6 12. c3 Bb5 13. O-O Bxe2 14. Qxe2 O-O
15. Kh1 d4 16. cxd4 cxd4 17. Rfd1 Rfd8 18. Rd3 Rd5 19. Rad1 Rad8 20. Qf2 Nf5 21.
b3 h6 22. Nd2 Ne3 23. Rc1 Qa6 24. Nc4 Rc8 25. Rxd4 Rxd4 26. Qxe3 Rdxc4 27. Rxc4
Rxc4 28. bxc4 Qxc4 29. Qxa7 Qf1+ 30. Qg1 Qxf4 31. Qa1 f6 32. exf6 Qxf6 33. Qb1
b5 34. h3 Qf5 35. Qb3 Qd5 36. Qb2 e5 37. Qc2 e4 38. Kg1 Qf5 39. Qf2 Qd5 40. Qc2
Qd4+ 41. Qf2 e3 42. Qe2 b4 43. g4 Qe4 44. Kh2 Kf7 45. Kg3 g5 46. Qf3+ Qxf3+ 47.
Kxf3 Ke6 48. Kxe3 Ke5 49. Kd3 {Game drawn by mutual agreement} 1/2-1/2

[Event "Team 45 45 League T77"]
[Site "Internet Chess Club"]
[Date "2018.07.09"]
[Round "3"]
[White "cityprosecutor"]
[Black "Bizzy-Ketty"]
[Result "1-0"]
[WhiteElo "1690"]
[BlackElo "1578"]
[Opening "Sicilian defense"]
[ECO "B20"]
[Time "17:00:32"]
[TimeControl "2700+45"]

1. e4 c5 2. d3 Nc6 3. g3 g6 4. Bg2 Bg7 5. f4 d6 6. Nd2 e5 7. Ne2 Nge7 8. Nf3 O-O
9. O-O f5 10. c3 h6 11. fxe5 dxe5 12. Nh4 Kh7 13. Be3 Qd6 14. Qc2 Be6 15. Rad1
Rac8 16. b3 g5 17. Nxf5 Nxf5 18. exf5 Bxf5 19. Rxf5 Rxf5 20. Be4 Ne7 21. g4 Rf8
22. Rf1 Nd5 23. Bd2 Kh8 24. Rxf5 Rxf5 25. Bxf5 Nf4 26. Nxf4 exf4 27. Be1 Qe5 28.
Qf2 Kg8 29. Be4 b6 30. Qf3 Kf8 31. Kf1 Ke7 32. Bf5 Qc7 33. Qd5 Kf8 34. Qe6 Qe7
35. Qxe7+ Kxe7 36. Kf2 Kd6 37. Kf3 Kd5 38. Be4+ Ke5 39. h4 Bf6 40. hxg5 hxg5 41.
Bf2 Kd6 42. d4 a6 43. dxc5+ bxc5 44. Bb7 a5 45. c4 Bd8 46. Ke4 Be7 47. Be1 Bd8
48. Bc3 Ke6 49. Bc8+ Kf7 50. Kf5 f3 51. Be1 Kg7 52. Bb7 Kh6 53. Bxf3 Kg7 54. Bd2
Kh6 55. Be3 Be7 56. Ke6 Bf8 57. Kd5 Bg7 58. Bxc5 Bc3 59. Be4 Be1 60. Bf8# {Black
checkmated} 1-0

[Event "Team 45 45 League T77"]
[Site "Internet Chess Club"]
[Date "2018.07.07"]
[Round "3"]
[White "tryanything"]
[Black "Constrictor"]
[Result "1/2-1/2"]
[WhiteElo "1516"]
[BlackElo "1547"]
[Opening "Alekhine's defense"]
[ECO "B03"]
[Time "19:01:53"]
[TimeControl "2700+45"]

1. e4 Nf6 2. e5 Nd5 3. d4 d6 4. exd6 cxd6 5. c3 Bf5 6. Nf3 Nc6 7. Bd3 Qd7 8. O-O
g6 9. Na3 Bg7 10. Nc2 O-O 11. Ne3 Nxe3 12. Bxe3 e5 13. Bxf5 Qxf5 14. dxe5 dxe5
15. Qa4 a6 16. Rad1 Rad8 17. Rxd8 Rxd8 18. Rd1 Rxd1+ 19. Qxd1 e4 20. Nd4 Qd5 21.
Qb3 Qxb3 22. Nxb3 Bf8 {Game drawn by mutual agreement} 1/2-1/2

[Event "Team 45 45 League T77"]
[Site "Internet Chess Club"]
[Date "2018.07.09"]
[Round "3"]
[White "Hal2001"]
[Black "kutch"]
[Result "1-0"]
[WhiteElo "1539"]
[BlackElo "1537"]
[Opening "Giuoco Piano"]
[ECO "C54"]
[Time "19:07:23"]
[TimeControl "2700+45"]

1. e4 e5 2. Nf3 Nc6 3. Bc4 Bc5 4. c3 Nf6 5. d3 d6 6. Bb3 Bb6 7. h3 Qe7 8. Nbd2
Be6 9. Bc2 O-O-O 10. Qe2 d5 11. b4 a6 12. a4 d4 13. Nc4 Bxc4 14. dxc4 dxc3 15.
c5 Ba7 16. Qc4 Nd4 17. Qxc3 Nxc2+ 18. Qxc2 Rd7 19. O-O Rhd8 20. Be3 Rd3 21. b5
Nxe4 22. b6 Bb8 23. c6 f5 24. cxb7+ Kxb7 25. bxc7 Bxc7 26. Rab1+ Kc8 27. Qc4 Qd6
28. Rb6 Rc3 29. Qxa6+ Kd7 30. Rxd6+ Bxd6 31. Rd1 Ke7 32. Bg5+ Nxg5 33. Nxg5 h6
34. Nf7 Kxf7 35. Rxd6 Rxd6 36. Qxd6 Rc1+ 37. Kh2 Ra1 38. Qc7+ Kf6 39. a5 g5 40.
Qb6+ Kg7 41. a6 f4 42. Qb7+ Kg6 43. a7 f3 44. gxf3 g4 45. a8=Q Rxa8 46. Qxa8
gxf3 47. Qxf3 {Black resigns} 1-0

[Event "Team 45 45 League T77"]
[Site "Internet Chess Club"]
[Date "2018.07.08"]
[Round "3"]
[White "justice02"]
[Black "primerpaso"]
[Result "0-1"]
[WhiteElo "1633"]
[BlackElo "1827"]
[Opening "QGD Slav: exchange variation"]
[ECO "D13"]
[Time "17:01:31"]
[TimeControl "2700+45"]

1. Nf3 Nf6 2. c4 c6 3. d4 d5 4. cxd5 cxd5 5. Nc3 g6 6. g3 Bg7 7. Bg2 O-O 8. O-O
Nbd7 9. Bf4 a6 10. Qb3 Nb6 11. Nd2 Be6 12. a4 Nh5 13. Be3 Qd6 14. Rfc1 Rfc8 15.
a5 Nc4 16. Nxc4 Rxc4 17. Nxd5 Rxc1+ 18. Rxc1 Rd8 19. Nxe7+ Qxe7 20. d5 Bf5 21.
Bc5 Qxe2 22. Qxb7 Qxb2 23. Qxb2 Bxb2 24. Rd1 Bd7 25. Rb1 Bc3 26. Bb6 Rb8 27. Rc1
Be5 28. Bf1 Nf6 29. Bxa6 Nxd5 30. Rc5 Be6 31. Ba7 Ra8 32. Bb7 Rxa7 33. Bxd5 Bxd5
34. Rxd5 Bc3 35. Rc5 Bxa5 36. h4 Bb6 37. Rb5 Bd4 38. Rd5 Bf6 39. Kg2 h5 40. Kh3
Ra4 41. Rd3 Rd4 42. Re3 Kg7 43. f3 Rc4 44. g4 hxg4+ 45. fxg4 Rc3 46. Rxc3 Bxc3
47. g5 Bd2 48. Kg4 f5+ 49. gxf6+ Kxf6 50. h5 g5 {White resigns} 0-1

[Event "Team 45 45 League T77"]
[Site "Internet Chess Club"]
[Date "2018.07.08"]
[Round "3"]
[White "VictorRed"]
[Black "zepled37"]
[Result "1/2-1/2"]
[WhiteElo "1740"]
[BlackElo "1693"]
[Opening "King's Indian: fianchetto without c4"]
[ECO "A49"]
[Time "09:08:32"]
[TimeControl "2700+45"]

1. Nf3 Nf6 2. d4 g6 3. g3 Bg7 4. Bg2 c5 5. d5 d6 6. O-O O-O 7. Nc3 a6 8. Ng5 b5
9. Nge4 Nbd7 10. Nxf6+ exf6 11. f4 f5 12. Kh1 Nf6 13. Re1 Re8 14. Nb1 Ra7 15. e3
Rae7 16. h3 Ne4 17. Kh2 Bb7 18. c3 Qa8 19. a4 Qc8 20. axb5 axb5 21. Na3 Qd7 22.
c4 bxc4 23. Nxc4 Qb5 24. Bxe4 Qxc4 25. Bg2 Qb5 26. Re2 Bd4 27. Ra3 Ba6 28. Re1
Qb7 29. Qa4 Bb5 30. Qc2 Qd7 31. Bf3 Bg7 32. Bd2 Qb7 33. b4 cxb4 34. Bxb4 Rc8 35.
Qa2 Bc4 36. Qd2 Qb6 37. Bc3 Bxc3 38. Rxc3 Ba6 39. Rec1 Rec7 40. Rc6 Rxc6 41.
Rxc6 Rxc6 42. dxc6 Qc5 43. h4 Bb5 44. Qd5 Qxd5 45. Bxd5 Kf8 46. Kh3 Ke7 47. g4
fxg4+ 48. Kxg4 f6 49. e4 Be2+ 50. Kg3 h6 51. Kf2 Bb5 52. Ke3 Kd8 53. Kd4 Kc7 54.
e5 fxe5+ 55. fxe5 Bxc6 56. exd6+ Kxd6 57. Bxc6 Kxc6 58. Ke5 g5 59. hxg5 hxg5 60.
Kf5 Kd6 61. Kxg5 {Game drawn because neither player has mating material} 1/2-1/2

[Event "Team 45 45 League T77"]
[Site "Internet Chess Club"]
[Date "2018.07.08"]
[Round "3"]
[White "Grenadier"]
[Black "Hectormercado"]
[Result "0-1"]
[WhiteElo "1570"]
[BlackElo "1507"]
[Opening "Scandinavian defense"]
[ECO "B01"]
[Time "20:00:39"]
[TimeControl "2700+45"]

1. e4 d5 2. exd5 Nf6 3. d4 Bg4 4. Nf3 Qxd5 5. Nc3 Qd6 6. Be3 Nc6 7. Be2 a6 8.
O-O O-O-O 9. Ng5 Bxe2 10. Nxe2 Ng4 11. g3 Qh6 12. h4 Qf6 13. c3 h6 14. Ne4 Qe6
15. Nc5 Qf5 16. Qd3 Qxc5 17. Qe4 Nf6 18. Qf3 Qd6 19. Rad1 g5 20. hxg5 hxg5 21.
Bxg5 Bh6 22. Bh4 Rh7 23. Rfe1 Rdh8 24. Nc1 Bg5 25. Qf5+ Kb8 26. Qxg5 Rg8 27. Qf5
Rxh4 28. Kf1 Rh5 29. Qf3 Rgh8 30. Nd3 Rh1+ 31. Ke2 R1h5 32. Kd2 e5 33. Kc2 e4
34. Rxe4 Nxe4 35. Qxe4 R5h6 36. Nc5 Qg6 37. Re1 Qxe4+ 38. Rxe4 Kc8 39. Rf4 R8h7
40. g4 a5 41. g5 Rg6 42. Rf5 b6 43. Ne4 Ne7 44. Re5 Re6 45. Rxe6 fxe6 46. f4 Rh4
47. Kd3 Rxf4 48. Ke3 Nd5+ 49. Kd3 Rg4 50. c4 Ne7 51. Ke3 Rg2 52. d5 exd5 53.
cxd5 Nxd5+ 54. Kd4 Ne7 55. Kc3 Ng6 56. a3 Nf8 57. b4 axb4+ 58. axb4 Ne6 {White
resigns} 0-1

[Event "Team 45 45 League T77"]
[Site "Internet Chess Club"]
[Date "2018.07.04"]
[Round "3"]
[White "olivermx"]
[Black "bmw2002"]
[Result "0-1"]
[WhiteElo "1204"]
[BlackElo "1429"]
[Opening "Caro-Kann defense"]
[ECO "B10"]
[Time "21:32:48"]
[TimeControl "2700+45"]

1. e4 c6 2. Nf3 d5 3. exd5 cxd5 4. Bb5+ Bd7 5. Nc3 Nf6 6. d3 a6 7. Bxd7+ Nbxd7
8. O-O g6 9. h3 Bg7 10. Be3 O-O 11. Qd2 Re8 12. Bh6 Bh8 13. Rfe1 Qc7 14. Nd4 e5
15. Nf5 Nf8 16. Ng3 Qa5 17. Qc1 Rac8 18. Qd2 d4 19. Nce2 Qxd2 20. Bxd2 Rxc2 21.
Bc1 Ne6 22. Ne4 Nxe4 23. dxe4 Rd8 24. Bh6 Nc5 25. Rac1 d3 26. Rxc2 dxc2 27. Nc3
Nd3 28. Nd5 Rd7 29. Rf1 Bg7 30. Be3 f5 31. f3 Kf7 32. a3 f4 33. Bd2 Bf8 34. Kh2
Bc5 35. g3 g5 36. h4 h6 37. hxg5 hxg5 38. gxf4 gxf4 39. Kh3 Rd6 40. Kg4 Bd4 41.
Nb4 Nxb4 42. Bxb4 Rg6+ 43. Kh3 Bxb2 44. Bd2 Bxa3 45. Rf2 c1=Q 46. Bxc1 Bxc1 47.
Rc2 Rc6 48. Ra2 b5 49. Kg4 Ke6 {White resigns} 0-1

[Event "Team 45 45 League T77"]
[Site "Internet Chess Club"]
[Date "2018.07.08"]
[Round "3"]
[White "Terte"]
[Black "PolishRyszard"]
[Result "1/2-1/2"]
[WhiteElo "1778"]
[BlackElo "1824"]
[Opening "Robatsch (modern) defense"]
[ECO "B34"]
[Time "03:15:45"]
[TimeControl "2700+45"]

1. e4 g6 2. d4 Bg7 3. Nf3 c5 4. Be3 Nc6 5. Nc3 cxd4 6. Nxd4 Nf6 7. Be2 O-O 8.
O-O d5 9. exd5 Nxd5 10. Nxd5 Nxd4 11. Bxd4 Qxd5 12. Bxg7 Qxd1 13. Raxd1 Kxg7 14.
Bf3 Bf5 15. c3 Rad8 16. Rxd8 Rxd8 17. Rd1 {Game drawn by mutual agreement}
1/2-1/2

[Event "Team 45 45 League T77"]
[Site "Internet Chess Club"]
[Date "2018.07.08"]
[Round "3"]
[White "disinformator"]
[Black "leandromorg"]
[Result "1-0"]
[WhiteElo "1788"]
[BlackElo "1754"]
[Opening "QGD: 3.Nc3"]
[ECO "D31"]
[Time "17:01:06"]
[TimeControl "2700+45"]

1. c4 e6 2. Nc3 d5 3. d4 f5 4. cxd5 exd5 5. Bf4 c6 6. e3 Nf6 7. Bd3 Bd6 8. Nh3
O-O 9. O-O Re8 10. Qc2 g6 11. Rae1 b6 12. f3 Ba6 13. Bg5 Bf8 14. e4 dxe4 15.
Bxa6 Nxa6 16. fxe4 Qxd4+ 17. Be3 Qc4 18. exf5 Rxe3 19. fxg6 Bc5 20. gxh7+ Kg7
21. Kh1 Rxe1 22. Rxe1 Qh4 23. Rf1 Re8 24. Qf5 Re1 25. g3 Rxf1+ 26. Qxf1 Qd4 27.
Qxa6 Qd7 28. Qf1 Ng4 29. Nf4 Nf2+ 30. Kg2 Kxh7 31. Qb1+ Kh8 32. Qg6 Ng4 33. Ne6
Qd2+ 34. Kh3 Nf2+ 35. Kh4 Bd4 36. Qe8+ Kh7 37. Qf7+ Kh8 38. Qf8+ Kh7 39. Ng5+
Kg6 40. Qf7+ {Black resigns} 1-0

[Event "Team 45 45 League T77"]
[Site "Internet Chess Club"]
[Date "2018.07.08"]
[Round "3"]
[White "MarcB"]
[Black "cadmiumorange"]
[Result "0-1"]
[WhiteElo "1667"]
[BlackElo "1790"]
[Opening "Réti opening"]
[ECO "A04"]
[Time "14:00:59"]
[TimeControl "2700+45"]

1. Nf3 d6 2. g3 g6 3. Bg2 Bg7 4. O-O e5 5. d3 Ne7 6. c3 O-O 7. Nbd2 h6 8. Re1 f5
9. Qb3+ Kh7 10. e3 Nd7 11. Nf1 Nc5 12. Qc2 e4 13. Nd4 Nxd3 14. b4 {White
resigns} 0-1

[Event "Team 45 45 League T77"]
[Site "Internet Chess Club"]
[Date "2018.07.08"]
[Round "3"]
[White "walkover"]
[Black "nealbruce"]
[Result "1/2-1/2"]
[WhiteElo "1718"]
[BlackElo "1632"]
[Opening "QGD: Tarrasch, Wagner variation"]
[ECO "D33"]
[Time "14:30:48"]
[TimeControl "2700+45"]

1. d4 d5 2. c4 e6 3. Nf3 c5 4. cxd5 exd5 5. Nc3 Nc6 6. g3 Nf6 7. Bg2 Bg4 8. Be3
cxd4 9. Nxd4 Be7 10. O-O O-O 11. Qa4 Nxd4 12. Bxd4 Be6 13. Rad1 Re8 14. e4 Nxe4
15. Nxe4 dxe4 16. Bxg7 Qb6 17. Bd4 Bc5 18. Bxc5 Qxc5 19. Bxe4 Bh3 20. Bxh7+ Kg7
21. Rfe1 Rxe1+ 22. Rxe1 Rd8 23. Qc2 {Game drawn by mutual agreement} 1/2-1/2

[Event "Team 45 45 League T77"]
[Site "Internet Chess Club"]
[Date "2018.07.09"]
[Round "3"]
[White "primerpaso"]
[Black "fledermaus"]
[Result "0-1"]
[WhiteElo "1811"]
[BlackElo "1850"]
[Opening "English opening"]
[ECO "A13"]
[Time "16:04:37"]
[TimeControl "2700+45"]

1. c4 e6 2. Nc3 d5 3. cxd5 exd5 4. d4 c6 5. g3 Nf6 6. Bg2 Bd6 7. Nf3 O-O 8. O-O
Re8 9. Bf4 Bxf4 10. gxf4 Bf5 11. Ne5 Nfd7 12. e3 f6 13. Nd3 Nb6 14. b3 N8d7 15.
a4 a5 16. Kh1 Qe7 17. Ne2 Be4 18. Rg1 Kh8 19. Ng3 Bxg2+ 20. Rxg2 g6 21. h4 Rg8
22. Qg4 h5 23. Qf3 f5 24. Rag1 Nf6 25. Ne5 Nbd7 26. Rh2 Ng4 27. Rh3 Ndf6 28. Qe2
Ne4 29. Nxe4 dxe4 30. f3 exf3 31. Qxf3 Kg7 32. Qe2 Rad8 33. Rc1 Qe6 34. Rc4 Rd5
35. Kg2 Rgd8 36. Rh1 c5 37. Rhc1 Nxe5 38. fxe5 cxd4 39. Rc7+ R8d7 40. exd4 Rxd4
41. Qe3 Qd5+ 42. Kf1 Rd1+ 43. Kf2 Rd2+ {White resigns} 0-1

[Event "Team 45 45 League T77"]
[Site "Internet Chess Club"]
[Date "2018.07.07"]
[Round "3"]
[White "jonesey"]
[Black "VictorRed"]
[Result "0-1"]
[WhiteElo "1837"]
[BlackElo "1742"]
[Opening "Sicilian defense"]
[ECO "B20"]
[Time "18:01:22"]
[TimeControl "2700+45"]

1. e4 c5 2. c4 e6 3. Nc3 Nc6 4. g3 Nf6 5. d3 d5 6. Bg5 d4 7. Nce2 Be7 8. Bg2 O-O
9. Nf3 e5 10. O-O Bg4 11. h3 Be6 12. g4 Qd7 13. Ng3 g6 14. Bh6 Rfd8 15. Nf5 Bf8
16. Qd2 Bxf5 17. gxf5 Nh5 18. Kh2 f6 19. Rg1 Bxh6 20. Qxh6 Qg7 21. Qd2 Nf4 22.
Bh1 Nb4 23. Rg3 Kh8 24. fxg6 hxg6 25. Nh4 Rg8 26. Rg4 Qh6 27. Ng2 Qxh3+ 28. Kg1
Qxg4 {White resigns} 0-1

[Event "Team 45 45 League T77"]
[Site "Internet Chess Club"]
[Date "2018.07.07"]
[Round "3"]
[White "Portola"]
[Black "LookImYourVader"]
[Result "1/2-1/2"]
[WhiteElo "1730"]
[BlackElo "1822"]
[Opening "Queen's pawn game"]
[ECO "D00"]
[Time "15:31:05"]
[TimeControl "2700+45"]

1. d4 d5 2. c3 c5 3. e3 Nc6 4. Bd3 Nf6 5. Nf3 Bg4 6. Nbd2 e6 7. O-O cxd4 8. exd4
Be7 9. Qc2 Rc8 10. Qb1 Bxf3 11. Nxf3 O-O 12. Be3 a6 13. a4 Qc7 14. h3 e5 15.
dxe5 Nxe5 16. Nxe5 Qxe5 17. Bd4 Qh5 18. Re1 Rfe8 19. Re5 Qh4 20. Bf5 Bd6 21. g3
Qh6 22. Re3 Rb8 23. h4 Rxe3 24. Bxe3 Qh5 25. Qd1 Qxd1+ 26. Rxd1 b5 27. axb5 Rxb5
28. Ra1 a5 29. Bd3 Rxb2 30. Rxa5 Rb8 31. Bd4 Be7 32. Be5 Rd8 33. Ra7 Kf8 34. Bb5
Bd6 35. Bxd6+ Rxd6 36. Ra8+ Ke7 37. f3 Nd7 38. Ra7 Ke6 39. f4 g6 40. Kg2 h5 41.
Ra8 Nf6 42. Kf3 Ne4 43. Rc8 Rb6 44. Bd3 Kd7 45. Rf8 Ke7 46. Rc8 Kd7 47. Rf8 Ke7
{Game drawn by mutual agreement} 1/2-1/2

[Event "Team 45 45 League T77"]
[Site "Internet Chess Club"]
[Date "2018.07.07"]
[Round "3"]
[White "elmaestro"]
[Black "kabindra"]
[Result "1-0"]
[WhiteElo "1689"]
[BlackElo "1710"]
[Opening "King's gambit"]
[ECO "C30"]
[Time "23:01:25"]
[TimeControl "2700+45"]

1. e4 e5 2. f4 d6 3. Nf3 Nc6 4. Bc4 Bg4 5. h3 Bxf3 6. Qxf3 Nd4 7. Qd1 Qh4+ 8.
Kf1 Qxf4+ 9. Kg1 Qxe4 10. Bd3 Qh4 11. c3 Ne6 12. Bc2 Nf6 13. d3 Be7 14. Be3
O-O-O 15. Nd2 Nd5 16. Nf3 Nxe3 17. Nxh4 Nxd1 18. Nf5 Bf6 19. Rxd1 h5 20. Kh2 g6
21. Ng3 Bg5 22. Ne4 Bh6 23. Nf6 h4 24. Rhf1 Bf4+ 25. Kh1 c6 26. d4 Bg5 27. Ne4
f5 28. Nxg5 Nxg5 29. d5 c5 30. c4 e4 31. Rde1 Nf7 32. Bxe4 fxe4 33. Rxf7 Rde8
34. Re3 Re5 35. Rf4 g5 36. Rfxe4 Rhe8 37. Rxe5 Rxe5 38. Rxe5 dxe5 39. Kg1 a5 40.
a4 Kd7 41. Kf2 Ke7 42. Ke3 Kf6 43. Ke4 {Black resigns} 1-0

[Event "Team 45 45 League T77"]
[Site "Internet Chess Club"]
[Date "2018.07.10"]
[Round "3"]
[White "fireball"]
[Black "rubo"]
[Result "0-1"]
[WhiteElo "1551"]
[BlackElo "1614"]
[Opening "Neo-Grünfeld, 6.O-O"]
[ECO "D77"]
[Time "14:02:57"]
[TimeControl "2700+45"]

1. g3 Nf6 2. Nf3 g6 3. d4 d5 4. Bg2 Bg7 5. O-O O-O 6. c4 e6 7. c5 Nc6 8. Bg5 Qe8
9. Qc1 Ne4 10. Bh6 Qe7 11. Bxg7 Kxg7 12. Nc3 a6 13. Qf4 f5 14. h4 h6 15. Qc1 Qf6
16. e3 Bd7 17. Nxe4 dxe4 18. Nd2 Nb4 19. Rd1 Bc6 20. Qc3 Nd5 21. Qb3 Ne7 22. Nc4
Bd5 23. Qc3 Nc6 24. b4 Bxc4 25. Qxc4 Ne7 26. Rf1 c6 27. f3 exf3 28. Rxf3 Rad8
29. Rd1 e5 30. Rff1 Nd5 31. Rd3 exd4 32. exd4 Rfe8 33. Qb3 Re2 34. a4 Qe6 35.
Rff3 Re1+ 36. Kh2 Qe2 37. b5 axb5 38. axb5 Nf6 39. bxc6 Ng4+ 40. Kh3 Rh1+ 41.
Bxh1 Qh2# {White checkmated} 0-1

[Event "Team 45 45 League T77"]
[Site "Internet Chess Club"]
[Date "2018.07.06"]
[Round "3"]
[White "nosir"]
[Black "Skeptic1972"]
[Result "1/2-1/2"]
[WhiteElo "1411"]
[BlackElo "1549"]
[Opening "Queen's pawn, Mason variation"]
[ECO "D00"]
[Time "14:31:19"]
[TimeControl "2700+45"]

1. d4 d5 2. Bf4 Nf6 3. e3 e6 4. Nf3 c5 5. c3 Nc6 6. Nbd2 Bd6 7. Ne5 O-O 8. Bd3
Qc7 9. Ndf3 cxd4 10. exd4 Nd7 11. Nxd7 Bxd7 12. Bxd6 Qxd6 13. O-O Rac8 14. Re1
f6 15. h3 e5 16. dxe5 fxe5 17. Bc4 Be6 18. Ng5 Na5 19. Nxe6 Nxc4 20. Nxf8 Rxf8
21. Qb3 Nd2 22. Qxb7 Qc5 23. Re2 Ne4 24. Re3 Nxf2 25. Rae1 Nd1 26. Rxd1 Qxe3+
27. Kh1 h6 28. Qxd5+ Kh7 29. Qd3+ Qxd3 30. Rxd3 Rf2 31. Re3 Rxb2 32. Rxe5 Rxa2
33. c4 Rc2 34. c5 a5 35. c6 {Game drawn by mutual agreement} 1/2-1/2

[Event "Team 45 45 League T77"]
[Site "Internet Chess Club"]
[Date "2018.07.07"]
[Round "3"]
[White "smsxman"]
[Black "Toalla"]
[Result "1-0"]
[WhiteElo "1305"]
[BlackElo "1219"]
[Opening "Sicilian defense"]
[ECO "B30"]
[Time "22:01:12"]
[TimeControl "2700+45"]

1. e4 c5 2. Nf3 Nc6 3. Nc3 a6 4. d4 cxd4 5. Nxd4 Nf6 6. Bg5 e6 7. Nf3 Be7 8. Be2
h6 9. Bxf6 Bxf6 10. O-O O-O 11. Re1 b5 12. Bd3 Nb4 13. e5 Nxd3 14. Qxd3 Be7 15.
a3 Bb7 16. b4 d5 17. exd6 Bxd6 18. Rad1 Bc7 19. Qf1 Qc8 20. Ne4 Bxe4 21. Rxe4
Rd8 22. Red4 Qb7 23. Qe2 Rxd4 24. Nxd4 Rd8 25. Nf3 Rd5 26. Rxd5 Qxd5 27. Ne1 Qa2
28. Qd3 Qd5 29. g3 Qxd3 30. Nxd3 Kf8 31. Nc5 Be5 32. Nd7+ {Black resigns} 1-0

[Event "Team 45 45 League T77"]
[Site "Internet Chess Club"]
[Date "2018.07.06"]
[Round "3"]
[White "fao9944"]
[Black "Gojira"]
[Result "1-0"]
[WhiteElo "1701"]
[BlackElo "1619"]
[Opening "Queen's bishop game"]
[ECO "D02"]
[Time "01:00:18"]
[TimeControl "2700+45"]

1. d4 d5 2. Nf3 Nf6 3. Bf4 Bf5 4. e3 e6 5. c3 Bd6 6. Ne5 c5 7. Qb3 Qc7 8. Bb5+
Nbd7 9. Nxd7 Nxd7 10. Bxd6 Qxd6 11. dxc5 Qc7 12. c4 Qxc5 13. Bxd7+ Kxd7 14.
Qxb7+ Kd6 15. Na3 Rhb8 16. Nb5+ Qxb5 17. Qxb5 Rxb5 18. cxb5 Bd3 19. a4 Rc8 20.
Kd2 Be4 21. Rhc1 Rxc1 22. Rxc1 Bxg2 23. Rc6+ Kd7 24. Ra6 {Black resigns} 1-0

[Event "Team 45 45 League T77"]
[Site "Internet Chess Club"]
[Date "2018.07.12"]
[Round "3"]
[White "bennywins"]
[Black "noblitz-oblige"]
[Result "0-1"]
[WhiteElo "1524"]
[BlackElo "1546"]
[Opening "Vienna game"]
[ECO "C26"]
[Time "12:00:18"]
[TimeControl "2700+45"]

1. e4 e5 2. Bc4 Nf6 3. Nc3 Bc5 4. d3 h6 5. h3 a6 6. f4 d6 7. Nf3 O-O 8. f5 Nh5
9. Ne2 Nc6 10. g4 Nf6 11. g5 d5 12. gxf6 dxc4 13. fxg7 Kxg7 14. d4 exd4 15. Rg1+
Kh7 16. Qd2 Qf6 17. e5 Nxe5 18. Nxe5 d3 19. Ng4 Qh4+ 20. Rg3 Re8 21. Qc3 Qxg3+
22. Kd1 dxe2+ 23. Kd2 e1=Q# {White checkmated} 0-1

[Event "Team 45 45 League T77"]
[Site "Internet Chess Club"]
[Date "2018.07.10"]
[Round "3"]
[White "stantheman59"]
[Black "WzeroMN"]
[Result "1/2-1/2"]
[WhiteElo "1224"]
[BlackElo "1038"]
[Opening "Ruy Lopez: exchange variation"]
[ECO "C68"]
[Time "10:34:47"]
[TimeControl "2700+45"]

1. e4 e5 2. Nf3 Nc6 3. Bb5 a6 4. Bxc6 dxc6 5. b3 Bg4 6. Bb2 f6 7. d3 Bc5 8. Nbd2
Ne7 9. Qc1 Bxf3 10. Nxf3 Ng6 11. Ba3 Bxa3 12. Qxa3 Qe7 13. Qc1 O-O 14. O-O Nf4
15. Qd2 Rad8 16. Rfe1 b5 17. d4 Ne6 18. c3 exd4 19. cxd4 Nxd4 20. Nxd4 c5 21.
Nf5 Rxd2 22. Nxe7+ Kf7 23. Nd5 c6 24. Nc3 Rfd8 25. h3 b4 26. Na4 Rc2 27. Red1
{Game drawn by mutual agreement} 1/2-1/2

[Event "Team 45 45 League T77"]
[Site "Internet Chess Club"]
[Date "2018.07.08"]
[Round "3"]
[White "MathBandit"]
[Black "Electryon"]
[Result "1-0"]
[WhiteElo "1537"]
[BlackElo "1476"]
[Opening "Scandinavian (center counter) defense"]
[ECO "B01"]
[Time "10:01:21"]
[TimeControl "2700+45"]

1. e4 d5 2. exd5 Qxd5 3. Nf3 c6 4. d4 Bf5 5. Nc3 Qd8 6. Bc4 e6 7. O-O Nf6 8. Bg5
Be7 9. Re1 O-O 10. h3 Nd5 11. Bxe7 Qxe7 12. Nxd5 cxd5 13. Bxd5 Nc6 14. Bxc6 bxc6
15. Ne5 Qc7 16. c3 Rfd8 17. Qf3 c5 18. Qc6 Rac8 19. Qxc7 Rxc7 20. dxc5 Rxc5 21.
Rad1 Rcd5 22. Rxd5 Rxd5 23. c4 Rd2 24. g4 Bc2 25. Rc1 Ba4 26. b3 f6 27. Nf3 Rd3
28. Ne1 {Black resigns} 1-0

[Event "Team 45 45 League T77"]
[Site "Internet Chess Club"]
[Date "2018.07.04"]
[Round "3"]
[White "kutch"]
[Black "Chess4Him"]
[Result "1-0"]
[WhiteElo "1555"]
[BlackElo "1518"]
[Opening "Modern defense: Averbakh system"]
[ECO "A40"]
[Time "21:30:54"]
[TimeControl "2700+45"]

1. d4 g6 2. c4 Bg7 3. Nc3 d6 4. e4 e5 5. Nf3 Nd7 6. Be2 Ne7 7. Be3 O-O 8. Qd2 f5
9. Bh6 Nf6 10. Bxg7 Kxg7 11. O-O-O fxe4 12. dxe5 exf3 13. exf6+ Rxf6 14. Bxf3
Qf8 15. Ne4 Rf5 16. h4 h6 17. h5 g5 18. Bg4 Rf4 19. Bxc8 Rxc8 20. f3 Qf7 21. b3
Nc6 22. Qc3+ Kh7 23. Rd5 Re8 24. Rxg5 Rexe4 25. Rg6 Re5 26. Rh3 Nd4 27. Kb2 Re2+
28. Ka3 Re6 29. Qd3 Rxg6 30. Rg3 Rf6 31. Rxg6 Rxg6 32. Qxd4 Rxg2 33. f4 Qxh5 34.
Qe4+ Qg6 35. f5 Qg5 36. f6+ Kh8 37. Qe8+ Qg8 38. f7 {Black resigns} 1-0

[Event "Team 45 45 League T77"]
[Site "Internet Chess Club"]
[Date "2018.07.06"]
[Round "3"]
[White "BrerRabbit"]
[Black "sdcohle"]
[Result "0-1"]
[WhiteElo "1357"]
[BlackElo "1391"]
[Opening "Queen's pawn: London system"]
[ECO "A45"]
[Time "18:16:11"]
[TimeControl "2700+45"]

1. d4 Nf6 2. Bf4 d6 3. e3 g6 4. Be2 Bg7 5. Nf3 O-O 6. O-O b6 7. h3 Bb7 8. a4 a5
9. Nc3 Re8 10. Bb5 c6 11. Bc4 Nbd7 12. Qe2 e5 13. dxe5 dxe5 14. Bg5 Qc7 15. Rfd1
e4 16. Ne1 Rad8 17. Rd2 Nc5 18. Rad1 Rxd2 19. Rxd2 Bc8 20. Bf4 Qb7 21. Qd1 Bd7
22. Ne2 Nxa4 23. c3 Nc5 24. Nc2 Be6 25. Bxe6 Nxe6 26. Be5 Nc5 27. Bf4 Nd3 28.
Ne1 Nxf4 29. Nxf4 Qc7 30. Nc2 Bf8 31. Nd4 Rd8 32. Nde2 Rxd2 33. Qxd2 Qd6 34. Qc2
g5 {White resigns} 0-1